 Dungeon Sprint DCSS version 0.30-a0-1160-g6e42c06551 (webtiles) character file.

Game seed: 2764943236913901483

22862 sircluck the Executioner (level 13, -11/146 HPs)
             Began as a Hill Orc Berserker on Apr 25, 2023.
             Was the Champion of Trog.
             Mangled by a death yak (19 damage)
             ... in the Dungeon (Sprint VII: "The Pits").
             The game lasted 00:13:28 (3766 turns).

sircluck the Executioner (Hill Orc Berserker)       Turns: 3766, Time: 00:13:29

Health: -11/146    AC: 24    Str: 28    XL:     13   Next: 3%
Magic:  3/13       EV: 13    Int:  7    God:    Trog [******]
Gold:   5          SH:  0    Dex: 14    Spells: 12/12 levels left

rFire   + . .        u - +5 battleaxe
rCold   + . .        (shield currently unavailable)
rNeg    . . .        l - +3 chain mail
rPois   .            p - +0 helmet
rElec   .            B - scarf {rC+ rF+}
rCorr   .            q - +0 pair of gloves
SInv    .            (no boots)
Will    .....        (no amulet)
Stlth   ++           m - +3 ring of strength
HPRegen 0.44/turn    n - +3 ring of protection
MPRegen 0.13/turn

%: no teleportation
@: on berserk cooldown, slowed, very slow
A: thin skeletal structure 2
a: Renounce Religion, Berserk, Trog's Hand, Brothers in Arms


You were in the Dungeon.
You worshipped Trog.
Trog was exalted by your worship.
You visited 1 branch You collected 5 gold pieces.

Inventory:

Hand Weapons
 k - a +2 hand axe
 r - a +1 broad axe of freezing
 s - a +0 heavy executioner's axe
 t - a +3 heavy war axe
 u - a +5 battleaxe (weapon)
 H - a +1 antimagic battleaxe
Missiles
 a - 5 javelins
 h - 3 throwing nets (quivered)
 j - 12 stones
 C - 7 boomerangs
 D - 3 poisoned darts
Armour
 b - a +0 animal skin
 l - a +3 chain mail (worn)
 p - a +0 helmet (worn)
 q - a +0 pair of gloves (worn)
 B - a scarf of resistance (worn)
Jewellery
 m - a +3 ring of strength (left hand)
 n - a +3 ring of protection (right hand)
 w - a ring of fire
 A - a ring of positive energy
Wands
 v - a wand of flame (8)
 z - a wand of acid (5)
Scrolls
 x - 3 scrolls of identify
 y - a scroll of magic mapping
 E - 4 scrolls of enchant weapon
 F - 2 scrolls of enchant armour
Potions
 c - 11 potions of curing
 d - 5 potions of heal wounds
 e - 2 potions of haste
 f - 4 potions of magic
 g - 4 potions of berserk rage
 i - 2 potions of invisibility
 o - 3 potions of might


   Skills:
 + Level 22.3 Fighting
 + Level 24.0 Axes
 + Level 18.6 Armour
 + Level 8.1 Dodging
 + Level 5.0 Stealth


You had 12 spell levels left.
You didn't know any spells.
Your spell library was empty.

Dungeon Overview and Level Annotations

Branches:
Dungeon (1/1)

Altars:
Ashenzari
Cheibriados
Dithmenos
Elyvilon
Fedhas
Gozag
Hepliaklqana
Kikubaaqudgha
Makhleb
Nemelex Xobeh
Okawaru
Qazlal
Ru
Sif Muna
Trog
Uskayaw
Vehumet
Wu Jian
Xom
Yredelemnul
Zin
The Shining One
Beogh
Jiyva
Lugonu


Innate Abilities, Weirdness & Mutations

You have a moderately thin skeletal structure. (Dex +4, Stealth++)


Message History

The death yak is heavily wounded.
You slice the redback!!
You kill the redback!
Trog accepts your kill.
A merfolk comes into view.
It is wielding a +1 triple sword of flaming.
The death yak misses you.
A bat zombie comes into view.
You feel much better.
The merfolk hits you with a +1 triple sword of flaming!!
The merfolk burns you.
* * * LOW HITPOINT WARNING * * *
The death yak gores you!
* * * LOW HITPOINT WARNING * * *
The merfolk hits you with a +1 triple sword of flaming.
* * * LOW HITPOINT WARNING * * *
The merfolk burns you.
* * * LOW HITPOINT WARNING * * *
Read: scroll of fear
Press: ? - help, Q - select action, (/) - cycle Dir - look around, f - activate Look: a death yak (heavily wounded, chance to affect: 47%)
As you read the scroll of fear, it crumbles to dust.
You assume a fearsome visage.
The bat zombie is unaffected.
The death yak resists with almost no effort.
The merfolk looks frightened!
The death yak gores you!
* * * LOW HITPOINT WARNING * * *
The death yak gores you but does no damage.
The death yak attacks as you move away!
The death yak gores you but does no damage.
The bat zombie barely misses you. x2
There is an open door, spattered with blood here.
The death yak gores you but does no damage.
The death yak gores you.
* * * LOW HITPOINT WARNING * * *
You slash the death yak!
The death yak is heavily wounded.
The death yak gores you but does no damage.
The death yak gores you!!
You die...

#### #... #... #..######
#..##m#Z# #..#Z#)# #.@Y#$#)#
#..#)#)#.# #..##.#.#m#
#..###############
#############.................
#_________.##.................
#_________.###########''######
#_______...###########''#######
##########'##................##


You could see a death yak, a merfolk and a bat zombie.

Vanquished Creatures
  Ilsuiw (D)
  A ghost moth (D)
  A merfolk impaler (D)
  A deep elf high priest (D)
  2 great orbs of eyes (D)
  A hydra (D)
  A death knight (D)
  4 death yaks (D)
  A catoblepas (D)
  Urug (D)
  A deep elf knight (D)
  A sixfirhy (D)
  A swamp dragon (D)
  A lindwurm (D)
  A deep elf pyromancer (D)
  2 phantasmal warriors (D)
  A merfolk siren (D)
  A black mamba (D)
  A smoke demon (D)
  An unseen horror (D)
  A kobold demonologist (D)
  3 ice devils (D)
  A komodo dragon (D)
  An efreet (D)
  A merfolk (D)
  A guardian mummy (D)
  A polar bear (D)
  A tarantella (D)
  A hellwing (D)
  A snapping turtle (D)
  A wraith (D)
  2 wyverns (D)
  A flying skull (D)
  A vampire mosquito (D)
  A basilisk (D)
  A redback (D)
  A water moccasin (D)
  2 floating eyes (D)
  3 hell hounds (D)
  A sky beast (D)
  2 ice beasts (D)
  A bullfrog (D)
  6 killer bees (D)
  A crimson imp (D)
  An orc priest (D)
  An iron imp (D)
  An orc wizard (D)
  2 iguanas (D)
  A hell rat (D)
  A mummy (D)
  An adder (D)
  A river rat (D)
  An adder skeleton (D)
  2 orcs (D)
  A giant cockroach (D)
  2 goblins (D)
  2 frilled lizards (D)
  3 rats (D)
81 creatures vanquished.

Vanquished Creatures (collateral kills)
  A merfolk javelineer (D)
  A two-headed ogre (D)
  A death yak (D)
  A sea snake (D)
  A deep elf pyromancer (D)
  A wolf spider (D)
  A gargoyle (D)
  A cane toad (D)
  2 flying skulls (D)
  3 vampire mosquitoes (D)
  An earth elemental (D)
  A white imp (D)
  An adder skeleton (D)
16 creatures vanquished.

Vanquished Creatures (others)
  An ufetubus (D)
  A bat (D)
  A bat simulacrum (D)
3 creatures vanquished.

Grand Total: 100 creatures vanquished

Notes
Turn   | Place    | Note
-------+----------+-------------------------------------------
     0 | D        | sircluck the Hill Orc Berserker began the quest for the
                  | Orb.
     0 | D        | Reached XP level 1. HP: 19/19 MP: 1/1
    11 | D        | Noticed a floating eye
    13 | D        | Paralysed by a floating eye for 4 turns
    19 | D        | Killed a floating eye
    20 | D        | Reached skill level 8 in Axes
    20 | D        | Reached XP level 2. HP: 34/34 MP: 2/2
    20 | D        | Reached XP level 3. HP: 39/39 MP: 3/3
    20 | D        | Reached XP level 4. HP: 47/47 MP: 4/4
    44 | D        | Found a bloodstained altar of Trog.
    44 | D        | Found a shimmering blue altar of Sif Muna.
    44 | D        | Found a viscous altar of Jiyva.
    44 | D        | Found a hazy altar of Hepliaklqana.
    44 | D        | Found an opulent altar of Gozag.
    45 | D        | Found a glowing golden altar of the Shining One.
    45 | D        | Found a glowing silver altar of Zin.
    45 | D        | Found a basalt altar of Yredelemnul.
    45 | D        | Found a shimmering altar of Xom.
    45 | D        | Found an ornate altar of the Wu Jian Council.
    45 | D        | Found a sacrificial altar of Ru.
    45 | D        | Found a stormy altar of Qazlal.
    45 | D        | Found an iron altar of Okawaru.
    45 | D        | Found a sparkling altar of Nemelex Xobeh.
    45 | D        | Found a burning altar of Makhleb.
    45 | D        | Found a blossoming altar of Fedhas.
    45 | D        | Found a white marble altar of Elyvilon.
    45 | D        | Found a shadowy altar of Dithmenos.
    45 | D        | Found a snail-covered altar of Cheibriados.
    47 | D        | Found a radiant altar of Vehumet.
    47 | D        | Found a corrupted altar of Lugonu.
    47 | D        | Found a roughly hewn altar of Beogh.
    48 | D        | Found a hide-covered altar of Uskayaw.
    48 | D        | Found an ancient bone altar of Kikubaaqudgha.
    48 | D        | Found a broken altar of Ashenzari.
    80 | D        | Reached ** piety under Trog
   111 | D        | Noticed a floating eye
   113 | D        | Paralysed by a floating eye for 2 turns
   122 | D        | Reached *** piety under Trog
   124 | D        | Paralysed by a floating eye for 3 turns
   130 | D        | Paralysed by a floating eye for 2 turns
   137 | D        | Reached skill level 9 in Axes
   137 | D        | Reached XP level 5. HP: 24/56 MP: 5/5
   139 | D        | Killed a floating eye
   139 | D        | Reached **** piety under Trog
   140 | D        | Reached skill level 10 in Fighting
   140 | D        | Reached skill level 11 in Axes
   140 | D        | Reached XP level 6. HP: 29/66 MP: 6/6
   342 | D        | Noticed a flying skull
   356 | D        | Killed a flying skull
   357 | D        | Reached skill level 12 in Axes
   357 | D        | Reached skill level 5 in Armour
   357 | D        | Reached skill level 1 in Stealth
   357 | D        | Reached XP level 7. HP: 41/74 MP: 7/7
   373 | D        | Noticed a flying skull
   375 | D        | Killed a flying skull
   376 | D        | Reached skill level 13 in Axes
   380 | D        | Noticed a vampire mosquito
   398 | D        | Killed a vampire mosquito
   398 | D        | Reached ***** piety under Trog
   399 | D        | Reached skill level 14 in Axes
   587 | D        | Noticed a black mamba
   587 | D        | Noticed a lindwurm
   679 | D        | Killed a black mamba
   680 | D        | Reached skill level 15 in Axes
   680 | D        | Reached skill level 5 in Dodging
   680 | D        | Reached XP level 8. HP: 86/86 MP: 8/8
   688 | D        | Killed a lindwurm
   806 | D        | Received a gift from Trog
   807 | D        | Reached skill level 16 in Axes
   807 | D        | Reached XP level 9. HP: 95/95 MP: 9/9
   817 | D        | Noticed a phantasmal warrior
   818 | D        | Noticed a swamp dragon
   826 | D        | Killed a phantasmal warrior
   827 | D        | Reached skill level 17 in Axes
   827 | D        | Killed a swamp dragon
   828 | D        | Reached skill level 15 in Fighting
   830 | D        | HP: 4/97 [poison (poison gas)]
  1062 | D        | Noticed an ice devil
  1062 | D        | Noticed a hellwing
  1067 | D        | Killed an ice devil
  1068 | D        | Reached skill level 18 in Axes
  1068 | D        | Reached skill level 10 in Armour
  1070 | D        | Killed a hellwing
  1134 | D        | Reached ****** piety under Trog
  1135 | D        | Reached XP level 10. HP: 80/106 MP: 10/10
  1203 | D        | Noticed Urug
  1206 | D        | Received a gift from Trog
  1218 | D        | Killed Urug
  1219 | D        | Reached skill level 19 in Axes
  1696 | D        | Noticed a six-headed hydra
  1703 | D        | Killed an eight-headed hydra
  1705 | D        | Noticed a death yak
  1707 | D        | Killed a death yak
  1708 | D        | Reached skill level 20 in Axes
  1709 | D        | Received a gift from Trog
  1934 | D        | Noticed a deep elf knight
  1946 | D        | Killed a deep elf knight
  1947 | D        | Reached XP level 11. HP: 107/117 MP: 11/11
  2118 | D        | Received a gift from Trog
  2124 | D        | Noticed a sea snake
  2125 | D        | Noticed a deep elf pyromancer
  2140 | D        | Noticed a phantasmal warrior
  2142 | D        | Killed a sea snake
  2150 | D        | Killed a deep elf pyromancer
  2457 | D        | Noticed a great orb of eyes
  2503 | D        | Killed a phantasmal warrior
  2504 | D        | Reached skill level 21 in Axes
  2504 | D        | Reached skill level 15 in Armour
  2561 | D        | Killed a great orb of eyes
  2583 | D        | Noticed a two-headed ogre
  2584 | D        | Noticed a wolf spider
  2594 | D        | Killed a wolf spider
  2595 | D        | Killed a two-headed ogre
  2700 | D        | Gained mutation: You have a somewhat thin skeletal
                  | structure. (Dex +2, Stealth+) [potion of mutation]
  2700 | D        | Gained mutation: You have a moderately thin skeletal
                  | structure. (Dex +4, Stealth++) [potion of mutation]
  2979 | D        | Received a gift from Trog
  3047 | D        | Noticed a deep elf pyromancer
  3064 | D        | Killed a deep elf pyromancer
  3154 | D        | Reached skill level 22 in Axes
  3158 | D        | Reached XP level 12. HP: 118/132 MP: 12/12
  3167 | D        | Noticed a merfolk javelineer
  3168 | D        | Noticed a merfolk impaler
  3168 | D        | Noticed Ilsuiw
  3170 | D        | Noticed a merfolk impaler
  3179 | D        | Killed a merfolk impaler
  3184 | D        | HP: 6/133 [merfolk javelineer/silver javelin[Ilsuiw] (2)]
  3470 | D        | Killed Ilsuiw
  3474 | D        | Killed a merfolk javelineer
  3713 | D        | Killed a ghost moth
  3714 | D        | Noticed a death yak
  3714 | D        | Noticed a death yak
  3714 | D        | Noticed a death yak
  3716 | D        | Reached skill level 23 in Axes
  3719 | D        | Noticed a catoblepas
  3722 | D        | Killed a catoblepas
  3722 | D        | Killed a death yak
  3722 | D        | Received a gift from Trog
  3725 | D        | Killed a death yak
  3729 | D        | Noticed a death knight
  3732 | D        | Killed a death yak
  3734 | D        | Reached skill level 5 in Stealth
  3740 | D        | Killed a death knight
  3740 | D        | Noticed a great orb of eyes
  3742 | D        | Noticed a death yak
  3742 | D        | Noticed a deep elf high priest
  3745 | D        | Killed a death yak
  3750 | D        | Killed a deep elf high priest
  3752 | D        | Killed a great orb of eyes
  3752 | D        | Received a gift from Trog
  3752 | D        | Noticed a death yak
  3753 | D        | Reached skill level 24 in Axes
  3753 | D        | Reached XP level 13. HP: 52/146 MP: 0/13
  3765 | D        | HP: 7/146 [death yak (4)]
  3766 | D        | Mangled by a death yak

Illustrated notes

Levels and vault maps discovered:
D:        pitsprint [storerooms_1, entrance_room_1, metal_vault_6, armoury_2,
          mini_pit_1, grid_room_1, main_hall_1, silver_pit, the_coven_2,
          the_vestibule_1, steel_vault_4, golden_pit, hallway_of_sentries,
          crystal_vault_4, iron_vault_5, final_vault]

Skill      XL: |  1  2  3  4  5  6  7  8  9 10 11 12 |
---------------+-------------------------------------+-----
Fighting       | 7 8 10 11 13 14 15 17 19 22 | 22.3
Axes           | 8 9 11 12 15 16 18 20 22 24 | 24.0
Armour         | 3 4 5 7 8 10 13 16 18 | 18.6
Dodging        | 2 3 4 5 6 7 8 |  8.1
Stealth        | 1 2 3 4 5 |  5.0

Action                     |  1- 3 |  4- 6 |  7- 9 | 10-12 | 13-15 || total
---------------------------+-------+-------+-------+-------+-------++-------
  Melee: Hand axe          |     4 |    36 |    44 |       |       ||    84
         Broad axe         |       |       |    29 |    13 |       ||    42
         Punch             |       |       |     2 |       |       ||     2
         War axe           |       |       |       |    19 |       ||    19
         Battleaxe         |       |       |       |   144 |     7 ||   151
 Invoke: Berserk           |       |     1 |     4 |     6 |       ||    11
         Brothers in Arms  |       |     1 |       |    10 |       ||    11
         Trog's Hand       |       |       |       |     1 |       ||     1
    Use: Potion            |       |     1 |     1 |     7 |     1 ||    10
         Scroll            |       |       |     1 |     3 |     1 ||     5
   Stab: Sleeping          |       |     1 |       |       |       ||     1
 Armour: Animal skin       |       |     4 |       |       |       ||     4
         Chain mail        |       |     6 |    24 |   104 |     6 ||   140
  Dodge: Dodged            |       |    11 |    27 |    71 |     5 ||   114

Table legend: (Time is in decaauts)
 A = Elapsed time spent in this place.
 B = Non-inter-level travel time spent in this place.
 C = Inter-level travel time spent in this place.
 D = Time resting spent in this place.
 E = Time spent auto-exploring this place.
 F = Levels seen in this place.
 G = Mean time per level.
                   A        B        C        D        E       F      G
               +--------+--------+--------+--------+--------+-----+--------+
         Total |   3785 |   3723 |     62 |   2330 |    203 |   1 | 3785.0 |
       Dungeon |   3785 |   3723 |     62 |   2330 |    203 |   1 | 3785.0 |
               +--------+--------+--------+--------+--------+-----+--------+

Top non-repeatable levels by time:
       D: 3785 daAuts
